 Dungeon Crawl Stone Soup version 0.20-a0-259-gc929cd2 (console) character file.

354087 utis the Ruinous (level 22, 132/132 HPs)
             Began as a Tengu Fire Elementalist on Nov 27, 2016.
             Was the Champion of Vehumet.
             Quit the game on level 2 of the Depths on Dec 2, 2016.
             The game lasted 06:32:48 (81892 turns).

utis the Ruinous (Tengu Fire Elementalist)         Turns: 81892, Time: 06:32:48

Health: 132/132    AC:  9    Str:  8    XL:     22   Next: 62%
Magic:  45/45      EV: 25    Int: 31    God:    Vehumet [******]
Gold:   1130       SH:  6    Dex: 19    Spells: 4/57 levels left

rFire  + . .     SeeInvis .     a - staff of fire
rCold  + . .     Gourm    .     j - +1 robe of the Failed Coup {+Fly Int+3}
rNeg   . . .     Faith    .     Y - +0 buckler {rC+}
rPois  .         Spirit   .     (helmet restricted)
rElec  .         Reflect  .     i - +2 cloak
rCorr  .         Harm     .     c - +2 pair of gloves
MR     +....                    (boots unavailable)
Stlth  ++++......               g - amulet of regeneration
                                Z - ring of wizardry
                                I - +6 ring of intelligence

@: flying quickly and evasively, repel missiles, quick
A: beak, talons 3, MP-powered wands, able to fly 2
}: 1/15 runes: barnacled
a: Stop Flying, Renounce Religion


You were on level 2 of the Depths.
You worshipped Vehumet.
Vehumet was exalted by your worship.
You were very hungry.

You visited 7 branches of the dungeon, and saw 35 of its levels.
You also visited: Labyrinth and Ice Cave.

You collected 4277 gold pieces.
You spent 3147 gold pieces at shops.

Inventory:

Hand Weapons
 b - a +7 whip of electrocution
 F - a +0 demon trident of draining
Missiles
 U - 67 javelins (quivered)
Armour
 c - a +2 pair of gloves (worn)
 i - a +2 cloak (worn)
 j - the +1 robe of the Failed Coup (worn) {+Fly Int+3}
   (You found it on level 3 of the Lair of Beasts)

   It affects your intelligence (+3).
   It lets you fly.
 Y - a +0 buckler of cold resistance (worn)
Magical Staves
 a - an uncursed staff of fire (weapon)
Rods
 m - a +7 iron rod (9/9)
   (You found it in a labyrinth)
Jewellery
 g - an amulet of regeneration (around neck)
 v - an uncursed ring of see invisible
 C - an uncursed ring of ice
 I - a +6 ring of intelligence (left hand)
 O - a +5 ring of protection
 Z - a ring of wizardry (right hand)
Wands
 h - a wand of paralysis (14/24)
 s - a wand of digging (19/24)
 u - a wand of digging (8/24)
 y - a wand of confusion (24/48)
 D - a wand of hasting (5/9) {@v3}
 H - a wand of iceblast (5/15)
Scrolls
 e - 2 scrolls of recharging
 o - 5 scrolls of blinking
 p - 6 scrolls of fog
 t - 3 scrolls of magic mapping
 w - a scroll of fear
 A - 3 scrolls of teleportation {@r4}
 K - a scroll of holy word
 L - 17 scrolls of remove curse {@r2}
 M - 19 scrolls of identify {@r1}
 N - a scroll of summoning
Potions
 k - 3 potions of curing {@q1}
 l - 5 potions of might
 n - 7 potions of heal wounds {@q2}
 r - 2 potions of cancellation
 x - a potion of resistance
 B - 4 potions of brilliance
 J - 3 potions of magic
 S - 4 potions of invisibility
 V - a potion of agility
Miscellaneous
 d - a lamp of fire
 E - a phantom mirror
 P - 2 boxes of beasts
 T - a sack of spiders
Comestibles
 f - 3 meat rations {@e1}
 q - 2 beef jerkies {@e2}
 z - 2 bread rations {@e1}
 G - 2 slices of pizza {@e2}
 Q - 5 fruits {@e2}


   Skills:
 - Level 12.0 Fighting
 - Level 3.2(8.4) Maces & Flails
 - Level 11.8(12.0) Staves
 - Level 11.0 Dodging
 - Level 7.0 Stealth
 - Level 4.3 Shields
 + Level 18.3 Spellcasting
 + Level 22.1 Conjurations
 - Level 3.0 Charms
 + Level 20.0 Fire Magic
 - Level 9.0 Evocations


You had 4 spell levels left.
You knew the following spells:

 Your Spells              Type           Power        Failure   Level  Hunger
b - Bolt of Fire          Conj/Fire      ########..   1%          6    None
c - Regeneration          Chrm/Necr      #####.....   1%          3    None
d - Force Lance           Conj/Tloc      #######.     1%          4    None
f - Fireball              Conj/Fire      ########..   0%          5    None
o - Conjure Flame         Conj/Fire      ########     0%          3    None
q - Orb of Destruction    Conj           ########..   1%          7    ####...
r - Repel Missiles        Chrm/Air       #####.       1%          2    None
t - Fire Storm            Conj/Fire      ########..   3%          9    #######
v - Blink                 Tloc           N/A          1%          2    None
B - Summon Butterflies    Summ           ####....     1%          1    None
W - Swiftness             Chrm/Air       #####...     1%          2    None
Y - Delayed Fireball      Conj/Fire      N/A          1%          7    ####...
Z - Ring of Flames        Chrm/Fire      #######...   4%          7    ####...


Dungeon Overview and Level Annotations

Branches:
Dungeon (15/15)            Temple (0/1) D:6            Lair (6/6) D:11
 Shoals (4/4) Lair:3       Spider (1/4) Lair:3        Slime (0/5) Lair:6
    Orc (2/2) D:11            Elf (0/3) Orc:2        Vaults (4/5) D:14
  Crypt (0/3) Vaults:3     Depths (3/5) D:15

Altars:
Ashenzari
Cheibriados
Gozag
Hepliaklqana
Kikubaaqudgha
Makhleb
Okawaru
Trog
Vehumet
Yredelemnul
The Shining One
Beogh
Jiyva

Shops:
D:5 (   D:6 ?(?(   D:9 }   D:15 [   Orc:2 ((:(   Vaults:3 :   Vaults:4 =
Depths:3 %

Portals:
Hell: Lair:6 Depths:1 Depths:2
Abyss: Depths:1 Depths:2
Pandemonium: Depths:2

Annotations:
D:5 exclusion: statue
Vaults:1 Jory


Innate Abilities, Weirdness & Mutations

You have a beak for a mouth.
You have claws for feet.
You can fly continuously.
You expend magic power (3 MP) to strengthen your wands.


Message History

Your fire vortex hits the red very ugly thing.
Your fire vortex burns the red very ugly thing!
The red very ugly thing completely resists.
Your fire vortex dissipates!
The red very ugly thing is engulfed in roaring flames.
Casting: Fire Storm
Confirm with . or Enter, or press ? or * to list all spells.
Aiming: Orb of Destruction
Press: ? - help, Shift-Dir - straight line, f/p - red very ugly thing
Aim: a red very ugly thing (heavily wounded)
The orb of destruction hits the red very ugly thing.
You blow up the red very ugly thing!
Vehumet accepts your kill.
You feel your power returning.
There is a fountain of clear blue water here.
You start resting.
HP restored.
You start resting.
Magic restored.
There is a stone staircase leading up here.
Are you sure you want to abandon this character and quit the game? (Confirm with "yes".)

▒▒▒▒▒▒▒ .[....▒▒▒
........▒▒▒▒
8▓▓▓➘➘..▒..▒▒▒
..b....''....▒▒
▒▒▒▒▒▒.▒..†...▒▒
.....▒▒▒▒......▒▒
........▒▒▒.≈≈..▒▒
..........▒▒.≈⌠.Q▒▒
...........▒▒.≈≈..▒▒
▒▒▒▒▒.......▒▒.≈...▒▒
....▒▒▒.....▒▒▒.≈≈..▒▒
....▒.▒▒▒..''▒▒▒.≈...▒
▓..''...▒▒▒''..▒▒....▒▒
...▒.....▒▒▒)...▒▒)...▒
▒▒▒▒...▓▓.▒▒.....▒...[▒
...▒)'..⌠▓.▒▒....▒▒.'▒▒▒


There were no monsters in sight!

Vanquished Creatures
  2 juggernauts (Depths:3)
  3 golden dragons
  A bone dragon (Vaults:3)
  2 liches
  2 quicksilver dragons (Depths:2)
  A titan (Depths:3)
  5 krakens
  2 sphinxes
  Ilsuiw (Shoals:4)
  5 tengu reavers
  7 fire giants
  An orc warlord (D:11)
  4 frost giants
  10 vault wardens
  2 ironheart preservers
  A war gargoyle (Vaults:3)
  10 very ugly things
  A spriggan defender (Depths:2)
  3 entropy weavers
  16 stone giants
  A deep elf elementalist (Depths:2)
  A vampire knight (Depths:2)
  A deep elf demonologist (Depths:2)
  9 spark wasps
  12 merfolk impalers
  5 merfolk javelineers
  7 ettins
  Snorg (Orc:2)
  4 fire dragons
  2 jiangshi (Depths:1)
  A deep elf high priest (Depths:2)
  11 ice dragons
  A minotaur (Lab)
  10 yaktaur captains
  3 vault guards
  6 rakshasas
  8 great orbs of eyes
  4 spriggan air magi
  5 hydras
  7 merfolk aquamancers
  2 satyrs
  7 merfolk avatars
  19 centaur warriors
  3 alligator snapping turtles
  A death knight (D:14)
  8 ogre magi
  4 deep troll shamans
  A satyr (shapeshifter) (Depths:3)
  2 tengu warriors (Depths:2)
  7 deep troll earth magi
  3 death yaks (D:11)
  3 vampire magi
  2 spriggan berserkers
  7 orc high priests
  5 deep elf knights
  4 hell knights (Depths:2)
  A sun demon (Lair:6)
  4 skeletal warriors (D:15)
  5 iron trolls
  A sea snake (shapeshifter) (Vaults:4)
  21 deep trolls
  12 sea snakes
  4 unseen horrors
  2 glowing orange brains
  2 shadow wraiths
  5 wizards
  3 flayed ghosts
  12 ironbrand convokers
  A swamp dragon (shapeshifter) (Depths:1)
  5 deep elf archers
  10 harpies
  An orb spider (Spider:1)
  5 hill giants
  A phantasmal warrior (D:14)
  5 necromancers
  5 wolf spiders
  20 orc knights
  6 oklob plants (Lair:2)
  A mana viper (shapeshifter) (Vaults:4)
  51 ugly things
  10 deep elf magi
  8 orc sorcerers
  12 fauns
  8 cyclopes
  A manticore (shapeshifter) (Depths:2)
  19 manticores
  12 merfolk sirens
  A faun (shapeshifter) (Depths:2)
  18 vault sentinels
  3 black mambas
  Joseph (D:7)
  4 elephants
  A black mamba (shapeshifter) (Vaults:4)
  A rust devil (Depths:1)
  A stone giant skeleton (Depths:2)
  2 ice statues (IceCv)
  8 water nymphs
  3 torpor snails
  3 gargoyles
  A guardian serpent (shapeshifter) (Vaults:3)
  A smoke demon (Lair:6)
  4 orange demons (Lair:6)
  9 spiny frogs
  9 rime drakes
  An eye of devastation (shapeshifter) (Depths:2)
  44 yaktaurs
  4 demonic crawlers (Spider:1)
  A yaktaur (shapeshifter) (Depths:1)
  An efreet (D:15)
  A yaktaur zombie (Vaults:4)
  9 freezing wraiths
  7 komodo dragons
  A jumping spider (shapeshifter) (Depths:2)
  A meliai (D:12)
  43 merfolk
  8 jumping spiders
  A tengu simulacrum (Vaults:3)
  3 hornets
  13 two-headed ogres
  A shadow dragon simulacrum (Vaults:4)
  8 trolls
  A blink frog (shapeshifter) (Vaults:4)
  9 blink frogs
  A harpy skeleton (D:14)
  13 wind drakes
  13 hippogriffs
  10 snapping turtles
  6 air elementals
  33 slime creatures
  A stone giant simulacrum (Vaults:4)
  4 dream sheep (Shoals:4)
  11 water elementals
  An elf simulacrum (Depths:2)
  A spriggan (Depths:2)
  2 shadows
  2 humans
  6 tarantellas
  2 wraiths
  A hungry ghost (D:13)
  2 wyverns
  4 hogs (D:11)
  22 redbacks
  52 yaks
  A hog (shapeshifter) (Vaults:3)
  A human simulacrum (Vaults:1)
  7 vampire mosquitoes
  5 fire bats (D:12)
  A yaktaur simulacrum (Vaults:3)
  Menkaure (D:7)
  6 wargs
  The ghost of anet the Shooter, an amateur HaWn (D:3)
  2 acid dragons
  A soldier ant (D:11)
  5 hell hounds (Lair:6)
  16 water moccasins
  2 porcupines (Lair:1)
  20 ice beasts
  58 orc warriors
  2 human zombies (Vaults:4)
  4 sky beasts
  2 necrophages
  An ettin simulacrum (Vaults:4)
  12 wolves
  2 phantoms
  7 boggarts
  A black bear (Lair:3)
  An elf skeleton (Vaults:4)
  50 ogres
  30 centaurs
  13 crocodiles
  3 gnoll sergeants
  A big kobold (D:9)
  29 bullfrogs
  2 wyvern zombies
  6 scorpions
  A water moccasin zombie (D:9)
  A water moccasin skeleton (D:4)
  A wyvern skeleton (D:7)
  A scorpion (shapeshifter) (Vaults:4)
  An orc simulacrum (Vaults:1)
  4 wights (D:14)
  5 howler monkeys
  2 electric eels
  A howler monkey (shapeshifter) (Depths:2)
  8 crimson imps
  2 centaur zombies (D:5)
  5 bullfrog zombies
  7 jellies
  2 quasits
  11 hounds
  33 orc priests
  Crazy Yiuf (D:7)
  30 orc wizards
  3 bullfrog skeletons
  4 iguanas
  11 worker ants
  4 centaur skeletons
  2 hell rats
  A killer bee zombie (D:7)
  A hound zombie (D:5)
  A hound skeleton (D:5)
  A worker ant zombie (D:5)
  15 gnolls
  12 adders
  2 river rats (D:11)
  6 shadow imps
  A white imp (Vaults:1)
  An adder zombie (D:5)
  A worm (D:6)
  2 dart slugs (D:1)
  6 leopard geckos
  108 orcs
  A ball python (D:6)
  3 giant cockroaches
  6 goblins
  12 hobgoblins
  3 jackals (D:5)
  17 kobolds
  5 quokkas
  5 bats
  A frilled lizard (D:1)
  A giant cockroach zombie (D:5)
  2 goblin skeletons (D:5)
  A leopard gecko skeleton (D:5)
  A leopard gecko zombie (D:6)
  3 quokka skeletons
  2 quokka zombies (D:5)
  5 rats
  39 plants
  9 tentacles
1630 creatures vanquished.

Vanquished Creatures (collateral kills)
  2 frost giants
  A very ugly thing (Depths:3)
  A caustic shrike skeleton (Depths:2)
  An ironheart preserver (Vaults:3)
  2 stone giants (Depths:2)
  A great orb of eyes (Depths:2)
  2 deep elf knights (Vaults:3)
  An ugly thing (Depths:3)
  A stone giant skeleton (Depths:2)
  A golden eye (shapeshifter) (Depths:2)
13 creatures vanquished.

Vanquished Creatures (others)
  A redback (Spider:1)
  A dart slug (D:1)
  A leopard gecko (D:1)
  A giant cockroach (D:5)
  113 fire vortices
  11 fungi
  14 plants
  111 tentacles
253 creatures vanquished.

Grand Total: 1896 creatures vanquished

Notes
Turn   | Place    | Note
-------+----------+-------------------------------------------
     0 | D:1      | utis the Tengu Fire Elementalist began the quest for the Orb.
     0 | D:1      | Reached XP level 1. HP: 10/10 MP: 4/4
   577 | D:1      | Reached skill level 2 in Conjurations
   714 | D:1      | Reached XP level 2. HP: 9/15 MP: 0/6
   825 | D:1      | Learned a level 2 spell: Throw Flame
  1156 | D:1      | Reached skill level 3 in Conjurations
  1547 | D:1      | Reached XP level 3. HP: 19/19 MP: 4/7
  1580 | D:1      | Learned a level 3 spell: Conjure Flame
  3050 | D:3      | Noticed anet's ghost (amateur HaWn)
  3217 | D:3      | Killed anet's ghost
  3217 | D:3      | Reached skill level 4 in Conjurations
  3217 | D:3      | Reached XP level 4. HP: 15/24 MP: 1/8
  3217 | D:3      | Gained mutation: You can fly. [Tengu growth]
  3217 | D:3      | Reached XP level 5. HP: 18/28 MP: 1/9
  4671 | D:4      | Noticed a sky beast
  4700 | D:3      | Killed a sky beast
  4700 | D:3      | Reached XP level 6. HP: 19/32 MP: 1/11
  4834 | D:3      | Learned a level 4 spell: Sticky Flame
  5360 | D:4      | Reached skill level 5 in Conjurations
  5598 | D:4      | Reached XP level 7. HP: 31/36 MP: 5/12
  5688 | D:4      | Reached skill level 5 in Dodging
  6641 | D:4      | Reached skill level 6 in Conjurations
  6641 | D:4      | Reached skill level 5 in Fire Magic
  6732 | D:5      | Entered Level 5 of the Dungeon
  7390 | D:5      | Found a radiant altar of Vehumet.
  7617 | D:5      | Reached XP level 8. HP: 40/41 MP: 1/13
  7748 | D:5      | Reached skill level 7 in Conjurations
  8270 | D:5      | Reached skill level 1 in Maces & Flails
  8271 | D:5      | Found a runed door.
  8331 | D:5      | Found a basalt altar of Yredelemnul.
  8374 | D:5      | Reached skill level 1 in Fighting
  8585 | D:5      | Found Vivoq's Weapon Shoppe.
  8814 | D:5      | Became a worshipper of Vehumet
  8878 | D:6      | Found Xerilal's Magic Scroll Shoppe.
  9033 | D:6      | Bought a scroll of fog for 24 gold pieces
  9033 | D:6      | Bought a scroll of teleportation for 36 gold pieces
  9033 | D:6      | Bought 2 scrolls of identify for 48 gold pieces
  9033 | D:6      | Bought a scroll of enchant armour for 90 gold pieces
  9117 | D:6      | Found a staircase to the Ecumenical Temple.
  9122 | D:6      | Found Ylinn's Antique Weapon Emporium.
  9248 | D:6      | Reached XP level 9. HP: 45/50 MP: 14/14
  9448 | D:6      | Found Zifuh's Antique Weapon Boutique.
  9550 | D:6      | Found an opulent altar of Gozag.
  9600 | D:6      | Found Unocuo Pepn's Magic Scroll Shoppe.
  9789 | D:6      | Learned a level 5 spell: Fireball
 10384 | D:7      | Noticed Menkaure
 10386 | D:7      | ooops
 10391 | D:7      | HP: 2/52 [Menkaure/nerve-wracking pain (13)]
 10393 | D:7      | Killed Menkaure
 10394 | D:7      | my my
 10678 | D:7      | Noticed Joseph
 10691 | D:7      | Killed Joseph
 10691 | D:7      | Reached skill level 5 in Fighting
 10863 | D:7      | Found a runed door.
 10867 | D:7      | Noticed Crazy Yiuf
 10874 | D:7      | Killed Crazy Yiuf
 11463 | D:7      | Found a burning altar of Makhleb.
 11483 | D:7      | Found an ancient bone altar of Kikubaaqudgha.
 11637 | D:8      | Reached * piety under Vehumet
 11637 | D:8      | Offered knowledge of Sandblast by Vehumet.
 12302 | D:7      | Reached XP level 10. HP: 62/63 MP: 9/15
 12829 | D:8      | Reached skill level 8 in Conjurations
 13589 | D:8      | typical
 13666 | D:8      | Offered knowledge of Shock by Vehumet.
 13667 | D:8      | Reached ** piety under Vehumet
 13892 | D:9      | Found a hazy altar of Hepliaklqana.
 13894 | D:9      | Found a snail-covered altar of Cheibriados.
 13894 | D:9      | Found a basalt altar of Yredelemnul.
 14011 | D:9      | Reached skill level 9 in Conjurations
 14580 | D:9      | Found a shattered altar of Ashenzari.
 14656 | D:9      | Found Comets's Gadget Emporium.
 14825 | D:9      | Reached skill level 10 in Dodging
 14958 | D:9      | Found a bloodstained altar of Trog.
 15003 | D:9      | Offered knowledge of Static Discharge by Vehumet.
 15314 | D:10     | Entered Level 10 of the Dungeon
 15476 | D:10     | Got a distressingly furry leather armour
 15490 | D:10     | Identified the cursed +1 leather armour "Zyhemi" {Int+4} (You found it on level 10 of the Dungeon)
 15924 | D:10     | Reached skill level 5 in Spellcasting
 16064 | D:10     | Reached XP level 11. HP: 56/67 MP: 19/19
 16248 | D:11     | Identified Sif Muna's Compendium of Poisonous Arcane Weapons
 16267 | D:11     | Found a labyrinth entrance.
 16273 | D:11     | Reached *** piety under Vehumet
 16298 | Lab      | Entered a labyrinth
 16420 | Lab      | Learned a level 5 spell: Bolt of Magma
 18659 | Lab      | Noticed a minotaur
 18660 | Lab      | FINALLY
 18673 | Lab      | Killed a minotaur
 18895 | D:11     | Noticed a death yak
 18917 | D:11     | Killed a death yak
 19012 | D:11     | Found a staircase to the Lair.
 19071 | D:11     | Reached skill level 10 in Conjurations
 19356 | D:11     | Offered knowledge of Dazzling Spray by Vehumet.
 19361 | D:11     | Learned a level 3 spell: Dazzling Spray
 19587 | D:11     | Found a staircase to the Orcish Mines.
 19809 | D:11     | Noticed a death yak
 19847 | D:11     | Killed a death yak
 19850 | D:11     | Noticed a death yak
 20054 | D:11     | Killed a death yak
 20311 | D:11     | Noticed a cyan ugly thing
 20326 | D:11     | Killed a cyan ugly thing
 20326 | D:11     | Reached skill level 10 in Fire Magic
 20420 | D:11     | Reached **** piety under Vehumet
 20995 | Lair:1   | Entered Level 1 of the Lair of Beasts
 21002 | Lair:1   | Offered knowledge of Force Lance by Vehumet.
 21003 | Lair:1   | hmmm
 21008 | Lair:1   | Learned a level 4 spell: Force Lance
 21346 | Lair:1   | Reached XP level 12. HP: 64/73 MP: 19/24
 21455 | Lair:1   | Learned a level 7 spell: Delayed Fireball
 22843 | Lair:2   | Reached ***** piety under Vehumet
 22843 | Lair:2   | Offered knowledge of Lee's Rapid Deconstruction by Vehumet.
 22943 | Lair:2   | Noticed a six-headed hydra
 22953 | Lair:2   | Killed a six-headed hydra
 22953 | Lair:2   | Reached skill level 11 in Conjurations
 24556 | Lair:2   | Reached skill level 12 in Conjurations
 24792 | Lair:2   | Got a translucent halberd
 24796 | Lair:2   | Identified the +7 halberd of Forgiveness {chop, *Noise rElec rF+++ rC-} (You found it on level 2 of the Lair of Beasts)
 25280 | Lair:3   | Got a sheer robe
 25298 | Lair:3   | Identified the +1 robe of the Failed Coup {+Fly Int+3} (You found it on level 3 of the Lair of Beasts)
 25369 | Lair:2   | Reached XP level 13. HP: 78/78 MP: 14/27
 25636 | Lair:3   | Reached skill level 10 in Spellcasting
 25779 | Lair:3   | Found a hole to the Spider Nest.
 26014 | Lair:3   | Found a staircase to the Shoals.
 26670 | Lair:4   | Reached skill level 1 in Evocations
 26738 | Lair:4   | Found an iron altar of Okawaru.
 27306 | Lair:5   | Found a frozen archway.
 27320 | IceCv    | Entered an ice cave
 27981 | IceCv    | Noticed an ice dragon
 27983 | IceCv    | Noticed an ice dragon
 28108 | IceCv    | Killed an ice dragon
 28423 | IceCv    | Killed an ice dragon
 28423 | IceCv    | Reached skill level 5 in Evocations
 29120 | Lair:5   | Reached skill level 1 in Staves
 29922 | Lair:6   | Entered Level 6 of the Lair of Beasts
 29982 | Lair:6   | Offered knowledge of Orb of Destruction by Vehumet.
 30534 | Lair:6   | Learned a level 7 spell: Orb of Destruction
 30535 | Lair:6   | Gained mutation: You can fly continuously. [Tengu growth]
 30535 | Lair:6   | Reached XP level 14. HP: 83/83 MP: 21/30
 30753 | Lair:6   | Reached skill level 13 in Conjurations
 30936 | Lair:6   | Found a viscous altar of Jiyva.
 31002 | Lair:6   | Found a staircase to the Slime Pits.
 31831 | Lair:6   | Reached skill level 14 in Conjurations
 31879 | Lair:6   | Found a burning altar of Makhleb.
 32357 | Lair:6   | Found a gateway to Hell.
 32421 | Lair:6   | Learned a level 6 spell: Bolt of Fire
 32602 | Orc:1    | Entered Level 1 of the Orcish Mines
 32607 | Orc:1    | Reached skill level 15 in Conjurations
 32610 | Orc:1    | Noticed an orc warlord
 32863 | D:11     | Killed an orc warlord
 33247 | Orc:1    | Reached skill level 5 in Staves
 34109 | Orc:2    | Entered Level 2 of the Orcish Mines
 34143 | Orc:2    | Found a staircase to the Elven Halls.
 34236 | Orc:2    | Found a roughly hewn altar of Beogh.
 34291 | Orc:2    | Offered knowledge of Venom Bolt by Vehumet.
 34803 | Orc:2    | Found a roughly hewn altar of Beogh.
 35240 | Orc:2    | Noticed Snorg
 35243 | Orc:2    | Killed Snorg
 36157 | Orc:2    | Reached XP level 15. HP: 63/89 MP: 5/31
 36178 | Orc:2    | hmmmm
 36920 | Orc:2    | Offered knowledge of Poison Arrow by Vehumet.
 37594 | Orc:2    | Found Gycwess's Antique Weapon Emporium.
 37594 | Orc:2    | Found Iplyam's Antique Weapon Emporium.
 37595 | Orc:2    | Found Kokemiev's Book Shoppe.
 37595 | Orc:2    | Found Oqetweg's Antique Weapon Emporium.
 37892 | D:6      | Bought a scroll of teleportation for 36 gold pieces
 37892 | D:6      | Bought a scroll of fog for 24 gold pieces
 37892 | D:6      | Bought a scroll of teleportation for 36 gold pieces
 37892 | D:6      | Bought a scroll of acquirement for 624 gold pieces
 37892 | D:6      | Bought 3 scrolls of blinking for 270 gold pieces
 39763 | D:13     | You are sucked into a shaft!
 40084 | D:13     | Got a jewelled leather armour
 40161 | D:13     | Identified the cursed +1 leather armour "Atikuyh" {rElec} (You found it on level 13 of the Dungeon)
 41294 | D:14     | Found a runed door.
 41302 | D:14     | Offered knowledge of Spellforged Servitor by Vehumet.
 41739 | D:14     | Found a gate to the Vaults.
 42001 | D:14     | wtf
 42270 | D:15     | Entered Level 15 of the Dungeon
 42603 | D:15     | Reached XP level 16. HP: 96/96 MP: 9/34
 42784 | D:15     | Found Ubuocof's Antique Armour Emporium.
 42902 | D:15     | Learned a level 2 spell: Repel Missiles
 42913 | D:15     | Learned a level 2 spell: Swiftness
 43315 | D:15     | Reached ****** piety under Vehumet
 43473 | D:15     | Reached skill level 10 in Fighting
 43997 | D:15     | Found a staircase to the Depths.
 44377 | D:12     | Learned a level 3 spell: Ignite Poison
 44553 | Spider:1 | Entered Level 1 of the Spider Nest
 45623 | Shoals:1 | Entered Level 1 of the Shoals
 45783 | Shoals:1 | Offered knowledge of Bolt of Cold by Vehumet.
 45783 | Shoals:1 | Reached skill level 10 in Staves
 46593 | Shoals:1 | Noticed a kraken
 46888 | Shoals:1 | Noticed a kraken
 47143 | Shoals:1 | Killed a kraken
 48166 | Shoals:2 | Noticed a kraken
 49852 | Shoals:2 | Killed a kraken
 49852 | Shoals:2 | Reached XP level 17. HP: 104/104 MP: 10/35
 50956 | Shoals:3 | Noticed a kraken
 51082 | Shoals:3 | Offered knowledge of Iron Shot by Vehumet.
 51996 | Shoals:4 | Entered Level 4 of the Shoals
 51999 | Shoals:4 | Noticed Ilsuiw
 52237 | Shoals:4 | Noticed a kraken
 52995 | Shoals:3 | man, this is annoying
 53438 | Shoals:4 | gaaaaaaaaah
 53587 | Shoals:3 | gaaaaaaaaaaaaaah
 53587 | Shoals:3 | GAAAAAAAAAAAH
 53739 | Shoals:4 | Killed Ilsuiw
 53750 | Shoals:4 | GAAAAAAAAAAAAAAAAAAAAAAAAAAAAH
 54285 | Shoals:3 | FUCKING LAG
 55429 | Shoals:4 | Reached skill level 15 in Spellcasting
 55694 | Shoals:4 | Killed a kraken
 55815 | Shoals:4 | Reached XP level 18. HP: 112/112 MP: 10/38
 56190 | Shoals:4 | Learned a level 7 spell: Ring of Flames
 56292 | Shoals:4 | d'oh
 56292 | Shoals:4 | facepalm
 56634 | Shoals:4 | Got a barnacled rune of Zot
 57970 | Shoals:1 | fucking lag
 57970 | Shoals:1 | fucking krakens
 57979 | Shoals:1 | fucking shoals
 58119 | Lair:3   | thank god
 58319 | Vaults:1 | Entered Level 1 of the Vaults
 58321 | Vaults:1 | Reached skill level 1 in Shields
 58323 | Vaults:1 | ooops
 58704 | Vaults:1 | Learned a level 3 spell: Regeneration
 59759 | Vaults:1 | Reached skill level 1 in Charms
 60873 | D:6      | Bought a scroll of summoning for 114 gold pieces
 60873 | D:6      | Bought a scroll of brand weapon for 240 gold pieces
 60874 | D:6      | meh
 60940 | D:10     | Offered knowledge of Lehudib's Crystal Spear by Vehumet.
 60940 | D:10     | Offered knowledge of Fire Storm by Vehumet.
 60940 | D:10     | Offered knowledge of Chain Lightning by Vehumet.
 61042 | Orc:2    | Bought a book of Spatial Translocations for 845 gold pieces
 61045 | Orc:2    | Learned a level 2 spell: Blink
 61494 | Shoals:4 | Learned a level 1 spell: Summon Butterflies
 62167 | Vaults:1 | Reached skill level 15 in Fire Magic
 62513 | Vaults:2 | Noticed Jory
 62846 | Vaults:2 | You are sucked into a shaft!
 63563 | Vaults:3 | Reached XP level 19. HP: 116/116 MP: 29/40
 63566 | Vaults:3 | Reached skill level 16 in Conjurations
 63714 | Vaults:3 | Noticed a golden dragon
 63729 | Vaults:3 | Killed a golden dragon
 64006 | Vaults:3 | Reached skill level 5 in Stealth
 64017 | Vaults:3 | Found Ycsozu's Book Shop.
 64163 | Vaults:3 | fuck
 64830 | Vaults:3 | Noticed a bone dragon
 64850 | Vaults:3 | Killed a bone dragon
 65041 | Vaults:3 | Found a staircase to the Crypt.
 66031 | Vaults:3 | Reached skill level 17 in Conjurations
 67530 | Vaults:4 | Upgraded the game from 0.20-a0-214-gb74cb0e to 0.20-a0-217-g17e8ceb
 68317 | Vaults:4 | Reached skill level 18 in Conjurations
 68696 | Vaults:4 | Gained mutation: You expend magic power (3 MP) to strengthen your wands. [a shining eye]
 68762 | Vaults:4 | Reached XP level 20. HP: 122/122 MP: 25/41
 69276 | Vaults:4 | Found Isininot's Jewellery Boutique.
 70781 | Depths:1 | Entered Level 1 of the Depths
 70921 | Depths:1 | Reached skill level 19 in Conjurations
 70974 | Depths:1 | Found a one-way gate to the infinite horrors of the Abyss.
 71583 | Depths:1 | Paralysed by an ogre mage for 7 turns
 74809 | D:14     | facepalm
 75119 | Vaults:4 | Bought a +6 ring of intelligence for 760 gold pieces
 75123 | Vaults:4 | hmmm
 75230 | Vaults:2 | hmmm
 75570 | D:12     | I forgot
 75618 | D:12     | meh
 75979 | Depths:1 | Found a glowing golden altar of the Shining One.
 76051 | Depths:1 | Reached XP level 21. HP: 127/127 MP: 38/42
 76195 | Depths:1 | Learned a level 9 spell: Fire Storm
 76216 | Depths:1 | fireworks!
 76567 | Depths:1 | Got a translucent dire flail
 76606 | Depths:1 | Got a slimy plate armour
 76668 | Depths:1 | Reached skill level 20 in Conjurations
 77629 | Depths:2 | Found a one-way gate leading to the halls of Pandemonium.
 79338 | Depths:2 | Reached skill level 21 in Conjurations
 79501 | Depths:2 | Upgraded the game from 0.20-a0-217-g17e8ceb to 0.20-a0-259-gc929cd2
 79615 | Depths:2 | Paralysed by a hornet for 1 turns
 79735 | Depths:2 | Got a sparkling steel ring
 79738 | Depths:2 | Identified the cursed ring of the Centipede {rF+ Int-6} (You took it off a spriggan rider on level 2 of the Depths)
 80150 | Depths:2 | Reached XP level 22. HP: 132/132 MP: 37/44
 80752 | Depths:3 | Noticed a golden dragon
 80755 | Depths:3 | Noticed a golden dragon
 80881 | Depths:3 | Killed a golden dragon
 80883 | Depths:3 | Noticed a juggernaut
 80890 | Depths:2 | Killed a golden dragon
 81009 | Depths:3 | Found Xepyski's Food Boutique.
 81043 | Depths:3 | Killed a juggernaut
 81047 | Depths:3 | Noticed a juggernaut
 81051 | Depths:3 | Killed a juggernaut
 81325 | Depths:3 | Noticed a caustic shrike
 81481 | Depths:2 | Reached skill level 22 in Conjurations
 81892 | Depths:2 | Quit the game

Vault maps used:
D:1:      shiori_arrival_oz, chequers_big_river,
          corexii_item_surrounded_by_moat, st_stairs_8
D:2:      uniq_robin
D:5:      vehumet_statue, serial_shops, nicolae_shop_statue_plus, first_bread,
          serial_undead, serial_undead_d, serial_undead_c, serial_undead_a,
          serial_undead_b, serial_undead_a, serial_undead_f,
          dk_yredelemnul_ordeal
D:6:      serial_shops, shop, shop, nicolae_shop_overgrown_old_shop,
          nicolae_shop_overgrown_old_shop, kennysheep_flooded_box
D:7:      minitemple, uniq_crazy_yiuf_cottage, uniq_joseph, uniq_menkaure
D:9:      ashenzari_altar_1, gammafunk_temple_overflow_claw, marbit_many_paths,
          serial_shops, shop
D:11:     dpeg_lair_monsters, erik_orc_4, lab_entry_generic, grunt_livestock
D:12:     minmay_firetagon
D:13:     kennysheep_big_empty_room
D:14:     david_vaults_1, nicolae_lava_and_water, lightli_airlock
D:15:     grunt_enter_depths_snipers, serial_shops, shop_fountains
Lair:2:   minmay_lair_oklob_tunnel, minmay_lair_oklob_chamber
Lair:3:   minmay_shoals_entry_lonely_mermaid, spider_nest_entry_webs,
          lemuel_fruit_tree
Lair:4:   basic_altar, grunt_megastairs_1
Lair:5:   portal_ice_cave_entry_pillars_1
Lair:6:   evil_forest, slime_altar_1, serial_bayou_shore_a
Shoals:4: shoals_end_grunt_ice, shoal_ilsuiw, nicolae_shoals_kraken_intersection
Orc:2:    st_orc_pillars, special_room, basic_altar,
          nicolae_orc_flooded_monolith, nicolae_orc_bridge_out,
          nicolae_orc_sculptors_studio, mines1_david, uniq_snorg
Vaults:1: vaults_mumra_minichess_inversion, hangedman_vaults_variations,
          vaults_dpeg_encased_lava, ontoclasm_vaults_gateway, v_misc_26,
          serial_ice_b
Vaults:2: dpeg_vaults_monster_box, hangedman_vaults_slither, uniq_jory
Vaults:3: vaults_dpeg_ring, vaults_mumra_chevron, vaults_room_stairs_pillars,
          hangedman_vaults_slice, minmay_crypt_entry_nasty_monster,
          grunt_vaults_twisty, st_check, ontoclasm_vaults_idyll, v_misc_19,
          serial_ice_g, serial_shops, nicolae_shop_stone
Vaults:4: v_misc_10, vaults_room_fancy_cross, nicolae_vaults_specimen_jars,
          ontoclasm_vaults_decontamination, nicolae_vaults_what_the_h,
          nicolae_vaults_alarming, v_misc_3, nicolae_vaults_stairing_the_circle,
          v_alt_pattern_4, serial_ice_g, nicolae_vaults_border_crossing,
          serial_shops, nicolae_shop_statue_plus
Depths:1: minmay_misc_feat_room, grunt_hell_entry_dis_old, abyss_entry,
          minmay_misc_feat_iff, nicolae_sextant, tso_altar
Depths:2: grunt_runaround, hell_entry, pan_entry, abyss_entry
Depths:3: minmay_central_circle, rand_demon_pan_entry_5, serial_shops,
          nicolae_shop_crystal, shop, kennysheep_little_box, shop, shop,
          hangedman_tar_grid_catacomb, grunt_decor_clamped
Lab:      nicolae_lab_hexagon
IceCv:    ice_cave_small_dragons

Skill      XL: |  1  2  3  4  5  6  7  8  9 10 11 12 13 14 15 16 17 18 19 20 21 22 |
---------------+-------------------------------------------------------------------+-----
Conjurations   | 2 3 4 5 6 7 9 10 12 15 18 19 21 22 | 22.1
Dodging        | 3 4 5 7 8 10 11 | 11.0
Fire Magic     | 4 5 6 7 10 11 12 13 14 15 16 18 19 20 | 20.0
Spellcasting   | 3 5 7 9 11 13 15 16 17 18 | 18.3
Maces & Flails | 3 |  3.2
Fighting       | 3 7 8 9 11 12 | 12.0
Evocations     | 5 6 7 9 |  9.0
Stealth        | 4 7 |  7.0
Staves         | 3 7 8 11 | 11.8
Shields        | 4 |  4.3
Charms         | 3 |  3.0

Action                   |  1- 3 |  4- 6 |  7- 9 | 10-12 | 13-15 | 16-18 | 19-21 | 22-24 || total
-------------------------+-------+-------+-------+-------+-------+-------+-------+-------++-------
Melee: Unarmed           |     2 |       |       |       |       |       |       |       ||     2
       Dagger            |     2 |    15 |     7 |       |       |       |       |       ||    24
       Short sword       |     5 |     6 |       |       |       |       |       |       ||    11
       Peck              |     1 |       |    35 |   116 |   124 |    69 |   129 |     5 ||   479
       Kick              |       |     4 |    57 |   146 |   160 |   110 |   234 |     6 ||   717
       Whip              |       |       |   237 |   538 |   238 |    31 |    52 |       ||  1096
       Staff             |       |       |       |    15 |   436 |   347 |   634 |    27 ||  1459
       Lajatang          |       |       |       |       |    20 |       |       |       ||    20
       Demon trident     |       |       |       |       |       |     6 |       |       ||     6
Throw: Stone             |    16 |    17 |    74 |    96 |   110 |    18 |       |       ||   331
       Javelin           |       |       |       |       |       |    16 |    60 |       ||    76
 Cast: Flame Tongue      |    70 |    55 |    24 |    13 |       |     1 |       |       ||   163
       Conjure Flame     |     3 |     5 |     4 |    18 |     4 |     2 |     4 |       ||    40
       Sticky Flame      |       |       |    42 |    89 |    68 |    55 |     9 |       ||   263
       Throw Flame       |       |       |    11 |       |       |       |       |       ||    11
       Bolt of Magma     |       |       |       |    75 |    78 |       |       |       ||   153
       Fireball          |       |       |       |    12 |    35 |   111 |    40 |       ||   198
       Delayed Fireball  |       |       |       |     3 |    24 |    31 |    18 |       ||    76
       Bolt of Fire      |       |       |       |       |   143 |   335 |   263 |    11 ||   752
       Orb of Destructio |       |       |       |       |    13 |    50 |    51 |     5 ||   119
       Dazzling Spray    |       |       |       |       |    16 |     4 |       |       ||    20
       Force Lance       |       |       |       |       |    10 |     4 |    16 |       ||    30
       Repel Missiles    |       |       |       |       |       |     8 |     7 |       ||    15
       Regeneration      |       |       |       |       |       |     7 |    60 |     4 ||    71
       Blink             |       |       |       |       |       |     4 |    31 |    15 ||    50
       Summon Butterflie |       |       |       |       |       |     2 |     2 |     5 ||     9
       Fire Storm        |       |       |       |       |       |       |    35 |    37 ||    72
 Abil: Fly               |       |     1 |     1 |    16 |    23 |       |       |       ||    41
       Release Delayed F |       |       |       |     2 |    25 |    30 |    19 |       ||    76
Evoke: Wand              |       |       |       |     2 |     2 |     1 |     5 |       ||    10
       Rod               |       |       |       |       |     1 |       |       |       ||     1
       Box of beasts     |       |       |       |       |       |     3 |       |       ||     3
       Lamp of fire      |       |       |       |       |       |     1 |       |       ||     1
  Use: Scroll            |       |     4 |    11 |    16 |    19 |    13 |     8 |       ||    71
       Potion            |       |       |     2 |     6 |     4 |     4 |       |       ||    16
 Stab: Sleeping          |       |     2 |     4 |     2 |     2 |     2 |     2 |       ||    14
       Distracted        |       |       |       |       |     1 |       |     4 |       ||     5
       Invisible         |       |       |       |       |     2 |       |       |       ||     2
  Eat: Chunk             |     5 |     7 |    30 |    27 |   106 |   111 |    92 |     9 ||   387
       Bread ration      |     1 |       |       |     5 |     2 |     3 |     2 |     2 ||    15
       Beef jerky        |       |       |     1 |       |     1 |     4 |     1 |     1 ||     8
       Meat ration       |       |       |       |     4 |     1 |     5 |     2 |       ||    12
       Fruit             |       |       |       |     2 |    10 |     8 |     8 |     3 ||    31
       Pizza             |       |       |       |     2 |     2 |     7 |     1 |       ||    12
       Royal jelly       |       |       |       |       |       |     1 |       |       ||     1
Armor: Robe              |     5 |     4 |    16 |     1 |    86 |    78 |    71 |     7 ||   268
       Skin              |       |       |    18 |    36 |       |       |       |       ||    54
       Leather armour    |       |       |       |    58 |       |       |       |       ||    58
Dodge: Dodged            |    38 |    16 |   190 |   398 |   745 |   670 |   548 |    38 ||  2643
       Deflected         |       |       |       |       |       |    18 |    33 |       ||    51
Block: Buckler           |       |       |       |       |       |    33 |   142 |     6 ||   181
